 Dungeon Sprint DCSS version 0.32-a0-12-g7fc57aa741 (webtiles) character file.

Game seed: 13287665624914616826

22222 dialectric the Ninja (level 12, -6/72 HPs)
             Began as a Spriggan Brigand on Jan 10, 2024.
             Was the Champion of Dithmenos.
             Killed from afar by a fire giant (21 damage)
             ... with a fireball
             ... in the Dungeon (Sprint I: "Red Sonja") on Jan 14, 2024.
             The game lasted 00:12:31 (1896 turns).

dialectric the Ninja (Spriggan Brigand)             Turns: 1896, Time: 00:12:31

Health: -6/72      AC: 12    Str:  7    XL:     12   Next: 61%
Magic:  28/31      EV: 44    Int: 16    God:    Dithmenos [******]
Gold:   1996       SH:  0    Dex: 21    Spells: 35/39 levels left

rFire   . . .        n - +2 dagger (distort)
rCold   x . .        (no shield)
rNeg    . . .        u - +7 toga "Victory" {*Victory Int+7 Slay+7 Clar}
rPois   .            (helmet restricted)
rElec   .            c - +2 cloak
rCorr   .            (gloves unavailable)
SInv    +            (boots unavailable)
Will    ++...        (no amulet) Stlth *********+
                     q - +5 ring of evasion
HPRegen 0.32/turn    (no ring)
MPRegen 0.22/turn

%: no teleportation, clarity
@: wreathed by umbra, very quick
A: very small, no large weapons, unfitting armour, see invisible, speed 3,
talons 1, dopey 2, robust 1, cold vulnerability 1
a: Renounce Religion, Shadow Step, Shadow Form


You were in the Dungeon.
You worshipped Dithmenos.
Dithmenos was exalted by your worship.
You visited 1 branch You collected 3501 gold pieces.
You spent 1505 gold pieces at shops.

Inventory:

Hand Weapons
 a - a +2 dagger
 b - the +10 dagger "Kefun" {freeze, rN+ Str-5 Int+3 Dex+4}
   (You bought it in a shop in the Dungeon)

   Str-5:     It affects your strength (-5).
   Int+3:     It affects your intelligence (+3).
   Dex+4:     It affects your dexterity (+4).
   rN+:       It protects you from negative energy.
 n - a +2 dagger of distortion (weapon)
Missiles
 d - 9 poisoned darts
 e - 3 curare-tipped darts (quivered)
Armour
 c - a +2 cloak (worn)
 o - a +0 troll leather armour
 u - the +7 toga "Victory" (worn) {*Victory Int+7 Slay+7 Clar}
   (You bought it in a shop in the Dungeon)

   *Victory:  When the wearer kills a threatening monster, it has a chance to
   gain +1 AC, +1 Slay, and +1 Int, capping at +7.
   When the wearer uses a scroll or a potion with a hostile monster in sight,
   its bonuses reset to +0.
   Unequipping it also resets its bonuses to +0.
   Int+7:     It affects your intelligence (+7).
   Slay+7:    It affects your accuracy & damage with ranged weapons and melee
   (+7).
   Clar:      It protects you from confusion, rage, mesmerisation and fear.
Jewellery
 q - a +5 ring of evasion (left hand)
 z - the ring of Secrets {Fire Int+3}
   (You bought it in a shop in the Dungeon)

   [ring of fire]

   Fire:      It enhances your fire magic.
   Int+3:     It affects your intelligence (+3).
   rF+:       It protects you from fire.
   rC-:       It makes you vulnerable to cold.
Wands
 l - a wand of iceblast (9)
 A - a wand of charming (9)
Scrolls
 k - 3 scrolls of blinking
 r - 2 scrolls of identify {unknown}
 x - a scroll of revelation {unknown}
 y - a scroll of poison {unknown}
Potions
 f - 6 potions of curing
 g - 2 potions of heal wounds
 h - a potion of haste
 i - 3 potions of magic
 j - a potion of berserk rage
 m - 3 potions of attraction {unknown}
 p - 2 potions of might {unknown}
 s - a potion of resistance {unknown}
 t - a potion of degeneration {unknown}
 v - a potion of mutation
 w - a potion of cancellation {unknown}
 B - a potion of enlightenment


   Skills:
 + Level 9.2 Fighting
 - Level 14.0 Short Blades
 - Level 2.5 Throwing
 * Level 23.3 Dodging
 O Level 27 Stealth
 * Level 14.1 Spellcasting
 * Level 5.7 Hexes
 + Level 2.2 Invocations
 - Level 4.0 Evocations


You had 35 spell levels left.
You knew the following spells:

 Your Spells              Type           Power      Damage    Failure   Level
a - Cause Fear            Hex            14%        N/A       6%          4

Your spell library contained the following spells:

 Spells                   Type           Power      Damage    Failure   Level
 Magic Dart               Conj           44%        1d5       6%          1
 Searing Ray              Conj           22%        2d5       9%          2
 Anguish                  Hex/Necr       10%        N/A       19%         4
 Fulminant Prism          Conj/Alch      5%         3d7       52%         4
 Enfeeble                 Hex            14%        N/A       99%         7


Dungeon Overview and Level Annotations

Branches:
Dungeon (1/1)

Altars:
Cheibriados
Dithmenos
Elyvilon
Fedhas
Gozag
Hepliaklqana
Kikubaaqudgha
Makhleb
Nemelex Xobeh
Okawaru
Qazlal
Ru
Sif Muna
Trog
Uskayaw
Vehumet
Wu Jian
Xom
Yredelemnul
Zin
The Shining One
Jiyva
Lugonu

Shops:
D !(?(((?(!*([*([=!*[[**


Innate Abilities, Weirdness & Mutations

You are very small and have problems with some larger weapons.
You are too small for most types of armour.
You have supernaturally acute eyesight. (SInv)
You cover ground extremely quickly. (Speed+++)
You have sharp toenails.
You are very dopey. (Int -4)
You are robust. (+10% HP)
You are vulnerable to cold. (rC-)


Message History

Dithmenos accepts your kill.
Your Dodging skill increases to level 23!
Your Hexes skill increases to level 4!
Okay, then.
Okay, then.
You open the door.
There is an open door here.
A fire giant comes into view.
It is wielding a +1 great sword of flaming.
Aiming: Shadow Step
Press: ? - help, Dir - move target, f - fire giant
Aim: a fire giant, wielding a +1 great sword of flaming (asleep, umbra)
You step into the fire giant's shadow. 3 fire giants come into view.
A fire giant is wielding a +2 great sword of flaming.
A fire giant is wielding a +2 great sword of flaming.
A fire giant is wielding a +2 great sword of flaming.
Found eight items.
The helpless fire giant fails to defend itself.
You perforate the fire giant like a sieve!!!!!!
You kill the fire giant!
Dithmenos accepts your kill.
Your Fighting skill increases to level 9!
Your Hexes skill increases to level 5!
Found the Orb of Zot.
The helpless fire giant fails to defend itself.
You stick the fire giant like a pincushion!!!!!
You kill the fire giant!
Dithmenos accepts your kill.
Your Spellcasting skill increases to level 14!
The fire giant shouts!
The fire giant attacks as it pursues you!
The fire giant hits you with a +2 great sword of flaming!!!
Ouch! That really hurt!
You emit a cloud of dark smoke.
The fire giant burns you!
* * * LOW HITPOINT WARNING * * *
You emit a cloud of dark smoke.
You hear a shout!
Things that are here:
a +1 great sword of flaming; a fire giant corpse The fire giant casts a spell at you.
The fireball explodes!
The fireball engulfs you!!
You die...

'###°○.#.○○..#..###$#..≈.##'#§...
.'.#.○○###''##.##..$#..≈##.§.§..§
##.#..###.○###..#+###m.≈#.§§§.§..
##.#..####..###...# ≈..##§..§§..§
##§##'#..#..#$###.# ≈..#.§§..†)..
##§##(#.§§○..$$$#.# #..§..|...
.§.####§§§§$$$$$#.# ##........
##§#..'°§§§$$####'# #........
.#§#####$§§###..@.# ##.......
#'.#?§§#####...#### ##.....[
####$§§§§§C..### #######
##/?!.§§§##### ##(=.§§§##
#!.C..## ##$$$$$# ########
##≈≈≈≈≈≈


You could see a fire giant.

Vanquished Creatures
  A golden dragon (D)
  A shadow dragon (D)
  2 fire giants (D)
  A hydra (D)
  2 centaur warriors (D)
  4 demonic crawlers (D)
  Sonja (D)
  A deep troll (D)
  A lindwurm (D)
  An oklob plant (D)
  8 shining eyes (D)
  A merfolk siren (D)
  A gargoyle (D)
  2 kobold demonologists (D)
  7 unseen horrors (D)
  A hellwing (D)
  3 hornets (D)
  6 glass eyes (D)
  A slime creature (D)
  Sigmund (D)
  13 hogs (D)
  A yak (D)
  2 redbacks (D)
  An ogre (D)
  7 necrophages (D)
  8 jellies (D)
  Ijyb (D)
  A ballistomycete spore (D)
80 creatures vanquished.

Vanquished Creatures (others)
  A merfolk siren (D)
  2 hornets (D)
  A ballistomycete spore (D)
4 creatures vanquished.

Grand Total: 84 creatures vanquished

Notes
Turn   | Place    | Note
-------+----------+-------------------------------------------
     0 | D        | dialectric the Spriggan Brigand began the quest for the
                  | Orb.
     0 | D        | Reached XP level 1. HP: 10/10 MP: 2/2
     2 | D        | Noticed Ijyb
     4 | D        | Killed Ijyb
     5 | D        | Reached skill level 9 in Stealth
     5 | D        | Reached XP level 2. HP: 15/15 MP: 3/3
    10 | D        | Noticed an ogre
    21 | D        | Killed an ogre
    22 | D        | Reached skill level 13 in Stealth
    22 | D        | Reached XP level 3. HP: 19/19 MP: 4/4
    22 | D        | Reached XP level 4. HP: 23/23 MP: 5/5
    32 | D        | Noticed Sigmund
    39 | D        | Killed Sigmund
    40 | D        | Reached skill level 17 in Stealth
    40 | D        | Reached skill level 1 in Evocations
    40 | D        | Reached XP level 5. HP: 28/28 MP: 6/6
    40 | D        | Reached XP level 6. HP: 32/32 MP: 7/7
    64 | D        | Found a shimmering blue altar of Sif Muna.
    65 | D        | Found an ornate altar of the Wu Jian Council.
    66 | D        | Found a radiant altar of Vehumet.
    95 | D        | Found Husch's Weapon Emporium.
    95 | D        | Found an ancient bone altar of Kikubaaqudgha.
    95 | D        | Found a hazy altar of Hepliaklqana.
    95 | D        | Found a hide-covered altar of Uskayaw.
    95 | D        | Found a basalt altar of Yredelemnul.
    95 | D        | Found an opulent altar of Gozag.
    95 | D        | Found a snail-covered altar of Cheibriados.
    95 | D        | Found a sacrificial altar of Ru.
    95 | D        | Found a shadowy altar of Dithmenos.
    95 | D        | Noticed a yak
    96 | D        | Found a stormy altar of Qazlal.
    96 | D        | Found a blossoming altar of Fedhas.
    96 | D        | Found a bloodstained altar of Trog.
    96 | D        | Found an iron altar of Okawaru.
    96 | D        | Found a glowing golden altar of the Shining One.
    96 | D        | Found a glowing silver altar of Zin.
    96 | D        | Found a white marble altar of Elyvilon.
    97 | D        | Killed a yak
    98 | D        | Reached skill level 5 in Short Blades
    98 | D        | Reached skill level 19 in Stealth
    98 | D        | Found a sparkling altar of Nemelex Xobeh.
   104 | D        | Became a worshipper of Dithmenos the Shadowed
   119 | D        | Found a burning altar of Makhleb.
   119 | D        | Found a shimmering altar of Xom.
   119 | D        | Noticed a slime creature
   120 | D        | Found a viscous altar of Jiyva.
   120 | D        | Found a corrupted altar of Lugonu.
   122 | D        | Killed a slime creature
   123 | D        | Reached skill level 20 in Stealth
   123 | D        | Reached XP level 7. HP: 37/37 MP: 8/8
   135 | D        | Noticed a kobold demonologist
   136 | D        | Noticed a glass eye
   136 | D        | Noticed a kobold demonologist
   138 | D        | Killed a kobold demonologist
   139 | D        | Reached skill level 5 in Dodging
   139 | D        | Reached skill level 22 in Stealth
   140 | D        | Killed a kobold demonologist
   140 | D        | Reached * piety under Dithmenos
   141 | D        | Reached skill level 23 in Stealth
   141 | D        | Reached XP level 8. HP: 42/42 MP: 9/9
   187 | D        | Killed a glass eye
   243 | D        | Noticed Sonja
   247 | D        | Killed Sonja
   248 | D        | Reached skill level 24 in Stealth
   260 | D        | Noticed a deep troll
   264 | D        | Killed a deep troll
   264 | D        | Reached ** piety under Dithmenos
   265 | D        | Reached skill level 25 in Stealth
   265 | D        | Reached XP level 9. HP: 45/45 MP: 10/10
   275 | D        | Found Xuaw Ytt's Armour Emporium.
   345 | D        | Found Sesum's Distillery.
   347 | D        | Noticed a shining eye
   347 | D        | Noticed a shining eye
   347 | D        | Noticed a shining eye
   348 | D        | Noticed a shining eye
   348 | D        | Noticed a shining eye
   348 | D        | Noticed a shining eye
   349 | D        | Noticed a shining eye
   349 | D        | Noticed a shining eye
   350 | D        | Killed a shining eye
   351 | D        | Reached skill level 10 in Dodging
   351 | D        | Reached skill level 26 in Stealth
   354 | D        | Killed a shining eye
   354 | D        | Reached *** piety under Dithmenos
   355 | D        | Reached skill level 27 in Stealth
   357 | D        | Killed a shining eye
   363 | D        | Gained mutation: You have sharp toenails. [a shining eye]
   406 | D        | Noticed a demonic crawler
   406 | D        | Noticed a demonic crawler
   406 | D        | Noticed a demonic crawler
   406 | D        | Noticed a demonic crawler
   408 | D        | Killed a demonic crawler
   409 | D        | Reached skill level 10 in Short Blades
   409 | D        | Reached XP level 10. HP: 44/49 MP: 11/11
   409 | D        | Killed a demonic crawler
   411 | D        | Killed a demonic crawler
   411 | D        | Reached **** piety under Dithmenos
   412 | D        | Reached skill level 15 in Dodging
   412 | D        | Killed a demonic crawler
   420 | D        | Upgraded the game from 0.31-a0-1616-gbeaec30b81 to
                  | 0.32-a0-12-g7fc57aa741
   429 | D        | Noticed a lindwurm
   433 | D        | Killed a lindwurm
   444 | D        | Reached ***** piety under Dithmenos
   500 | D        | Reached ****** piety under Dithmenos
   501 | D        | Reached XP level 11. HP: 45/53 MP: 12/12
   506 | D        | Reached skill level 1 in Spellcasting
   529 | D        | Noticed a 12-headed hydra
   531 | D        | Killed a 12-headed hydra
   589 | D        | Noticed a centaur warrior
   589 | D        | Noticed a centaur warrior
   591 | D        | Killed a centaur warrior
   592 | D        | Reached skill level 5 in Fighting
   592 | D        | Reached skill level 5 in Spellcasting
   592 | D        | Killed a centaur warrior
   614 | D        | Noticed an oklob plant
   616 | D        | Killed an oklob plant
   754 | D        | Found Eghuqaug's Weapon Shoppe.
   754 | D        | Found Jeuwo's Magic Scroll Shop.
   754 | D        | Found Zoahisy's Distillery.
   756 | D        | Found Hutihet's General Store.
   756 | D        | Found Wuthrykui's Weapon Shop.
   756 | D        | Found Xikioki's Armour Shoppe.
   756 | D        | Found Odif's Assorted Antiques.
   756 | D        | Found Leale's Weapon Emporium.
   756 | D        | Found Enuixyth's Armour Shop.
   756 | D        | Found Kiepnivo's Jewellery Shoppe.
   758 | D        | Bought a potion of curing for 36 gold pieces
   758 | D        | Found Heagyar's Distillery.
   759 | D        | Found Xoumiarra's Armour Emporium.
   759 | D        | Found Resaatt's Assorted Antiques.
   760 | D        | Found Zantuze's General Store.
   769 | D        | Bought a potion of heal wounds for 65 gold pieces
   782 | D        | Bought a scroll of enchant armour for 75 gold pieces
   794 | D        | Bought the +0 toga "Victory" {*Victory Clar} for 660 gold
                  | pieces
   794 | D        | Found the +0 toga "Victory" {*Victory Clar}
   857 | D        | Gained mutation: You are dopey. (Int -2) [a shining eye]
   868 | D        | Reached skill level 1 in Invocations
   886 | D        | Killed a shining eye
   889 | D        | Killed a shining eye
   890 | D        | Reached skill level 10 in Spellcasting
   890 | D        | Gained mutation: You are strong-willed. (Will+) [a shining
                  | eye]
   894 | D        | Killed a shining eye
   897 | D        | Gained mutation: You occasionally lose the ability to read
                  | scrolls when taking damage. [a shining eye]
   903 | D        | Killed a shining eye
   904 | D        | Found Kyanuduf's Weapon Shoppe.
   904 | D        | Found Wunig's Magic Scroll Emporium.
   905 | D        | Found Tecainuv's Weapon Shop.
   905 | D        | Found Ajaps's Antique Weapon Boutique.
   920 | D        | Bought a scroll of blinking for 90 gold pieces
   927 | D        | Gained mutation: You are very dopey. (Int -4) [a shining
                  | eye]
   930 | D        | Gained mutation: Your magical capacity is low. (-10% MP) [a
                  | shining eye]
   945 | D        | Killed a shining eye
  1044 | D        | Bought a fine dagger for 161 gold pieces
  1044 | D        | Identified the +10 dagger "Kefun" {freeze, rN+ Str-5 Int+3
                  | Dex+4} (You bought it in a shop in the Dungeon)
  1088 | D        | Noticed a lorocyproca
  1100 | D        | Banished a lorocyproca
  1101 | D        | Reached XP level 12. HP: 39/63 MP: 25/25
  1311 | D        | Noticed a shadow dragon
  1311 | D        | Noticed a golden dragon
  1315 | D        | Killed a golden dragon
  1316 | D        | Killed a shadow dragon
  1324 | D        | Learned a level 4 spell: Cause Fear
  1396 | D        | Found Ysing's Assorted Antiques.
  1415 | D        | Bought a scroll of enchant armour for 157 gold pieces
  1415 | D        | Bought a crude iron ring for 105 gold pieces
  1415 | D        | Identified the ring of Secrets {Fire Int+3} (You bought it
                  | in a shop in the Dungeon)
  1483 | D        | Noticed a deep elf annihilator
  1609 | D        | Reached skill level 1 in Hexes
  1782 | D        | Bought a potion of mutation for 96 gold pieces
  1782 | D        | Bought a potion of enlightenment for 60 gold pieces
  1783 | D        | Lost mutation: You occasionally lose the ability to read
                  | scrolls when taking damage. [potion of mutation]
  1783 | D        | Lost mutation: You are strong-willed. (Will+) [potion of
                  | mutation]
  1783 | D        | Gained mutation: You are vulnerable to cold. (rC-) [potion
                  | of mutation]
  1783 | D        | Gained mutation: You are robust. (+10% HP) [potion of
                  | mutation]
  1783 | D        | Lost mutation: Your magical capacity is low. (-10% MP)
                  | [potion of mutation]
  1861 | D        | Noticed a daeva
  1878 | D        | Noticed a fire giant
  1880 | D        | Noticed a fire giant
  1880 | D        | Noticed a fire giant
  1880 | D        | Noticed a fire giant
  1881 | D        | Killed a fire giant
  1882 | D        | Reached skill level 5 in Hexes
  1883 | D        | Killed a fire giant
  1896 | D        | Killed from afar by a fire giant

Illustrated notes

Levels and vault maps discovered:
D:        dungeon_sprint_1 [red_sonja_temple_1, red_sonja_temple_small_1]

Skill      XL: |  1  2  3  4  5  6  7  8  9 10 11 12 |
---------------+-------------------------------------+-----
Fighting       | 2 3 4 7 9 |  9.2
Stealth        | 9 13 17 20 23 25 27 | 27.0
Short Blades   | 3 4 5 6 8 10 13 14 | 14.0
Dodging        | 2 3 6 9 13 17 21 23 | 23.3
Evocations     | 1 2 3 4 |  4.0
Spellcasting   | 11 14 | 14.1
Invocations    | 1 2 |  2.2
Hexes          | 5 |  5.7
Throwing       | |  2.5

Action                     |  1- 3 |  4- 6 |  7- 9 | 10-12 || total
---------------------------+-------+-------+-------+-------++-------
  Melee: Dagger            |     2 |     4 |    57 |   176 ||   239
         Punch             |       |       |     3 |     1 ||     4
         Kick              |       |       |       |    54 ||    54
  Throw: Dart              |     3 |     3 |       |     4 ||    10
 Invoke: Shadow Step       |       |       |       |     3 ||     3
  Evoke: Wand              |       |     1 |       |       ||     1
    Use: Scroll            |       |       |       |     2 ||     2
         Potion            |       |       |       |     1 ||     1
   Stab: Sleeping          |     1 |     3 |    10 |    39 ||    53
 Armour: Robe              |       |       |     2 |    29 ||    31
  Dodge: Dodged            |     1 |     2 |       |    80 ||    83

Table legend: (Time is in decaauts)
 A = Elapsed time spent in this place.
 B = Non-inter-level travel time spent in this place.
 C = Inter-level travel time spent in this place.
 D = Time resting spent in this place.
 E = Time spent auto-exploring this place.
 F = Levels seen in this place.
 G = Mean time per level.
                   A        B        C        D        E       F      G
               +--------+--------+--------+--------+--------+-----+--------+
         Total |   1369 |   1333 |     36 |    333 |    192 |   1 | 1369.0 |
       Dungeon |   1369 |   1333 |     36 |    333 |    192 |   1 | 1369.0 |
               +--------+--------+--------+--------+--------+-----+--------+

Top non-repeatable levels by time:
       D: 1369 daAuts
